 Dungeon Crawl Stone Soup version 0.27-a0-1137-g3ef0f4ec91 (webtiles) character file.

Game seed: 1463899232633152660

54 jantan the Ducker (level 3, 0/36 HPs)
             Began as a Troll Monk on May 6, 2021.
             Slain by a rat (2 damage)
             ... in a sewer.
             The game lasted 00:04:58 (920 turns).

jantan the Ducker (Troll Monk)                       Turns: 920, Time: 00:04:59

Health: 0/36       AC:  4    Str: 20    XL:     3   Next: 66%
Magic:  2/2        EV: 10    Int:  6    God:
Gold:   28         SH:  0    Dex: 12    Spells: 2/2 levels left

rFire    . . .     SeeInvis .   a - +0 short sword
rCold    . . .     Faith    .   (no shield)
rNeg     . . .     Spirit   .   b - +0 robe
rPois    .         Reflect  .   (helmet restricted)
rElec    .         Harm     .   (no cloak)
rCorr    .         Rampage  .   (gloves unavailable)
Will     .....                  (boots unavailable)
Stlth    ++........             (no amulet)
HPRegen  1.12/turn              (no ring)
MPRegen  0.08/turn              (no ring)

@: lethally poisoned (0 -> 0), very slow
A: large, unfitting armour, claws 3, regeneration 1, shaggy fur 1, tough skin 1
a: no special abilities


You were in a sewer.
You visited 1 branch of the dungeon, and saw 3 of its levels.
You also visited: Sewer.

You collected 28 gold pieces.

Inventory:

Hand Weapons
 a - a +0 short sword (weapon)
 e - a +0 short sword of venom
 f - a +0 club
 g - a +0 short sword
Armour
 b - a +0 robe (worn)
 h - a +0 scale mail
Jewellery
 d - a ring of fire
Scrolls
 c - a scroll of fear {unknown}
 i - a scroll of blinking {unknown}


   Skills:
 + Level 2.8 Fighting
 + Level 2.9 Short Blades
 + Level 3.0 Dodging
 + Level 1.1 Stealth


You had 2 spell levels left.
You didn't know any spells.
Your spell library was empty.

Dungeon Overview and Level Annotations

Branches:
Dungeon (3/15)              Sewer (1/1)

Altars:


Innate Abilities, Weirdness & Mutations

You are too large for most types of armour.
You have claws for hands.
Your natural rate of healing is unusually fast.
You are covered in fur. (AC +1)
You have tough skin. (AC +1)


Message History

The adder is heavily wounded.
You feel sick. The rat bites you. The adder barely misses you.
You closely miss the adder.
The adder is heavily wounded.
You feel sick. The adder barely misses you. The rat barely misses you.
You closely miss the adder.
The adder is heavily wounded.
You feel sick. The adder closely misses you. The rat closely misses you.
The adder bites you.
You miss the adder.
The adder is heavily wounded.
You feel sick. The rat barely misses you. The adder bites you.
You are more poisoned.
The adder poisons you!
You hit the adder but do no damage.
The adder is heavily wounded.
You feel sick. The adder bites you.
You are more poisoned.
The adder poisons you! The rat bites you.
* * * LOW HITPOINT WARNING * * *
You miss the adder.
The adder is heavily wounded.
You feel sick. The adder bites you.
* * * LOW HITPOINT WARNING * * *
You are more poisoned.
The adder poisons you! The rat bites you but does no damage.
You hit the adder but do no damage.
The adder is heavily wounded.
You feel very sick. The adder misses you. The rat bites you.
* * * LOW HITPOINT WARNING * * *
The adder barely misses you.
You puncture the adder!
You kill the adder!
You feel sick. The rat bites you but does no damage.
You enter the shallow water.
Moving in this stuff is going to be slow.
You feel very sick. The rat bites you.
You die...

## ≈# ##≈# ####≈≈# ####
##..≈≈≈#
##########..####.≈≈≈≈##
≈≈≈≈≈≈≈@r.≈..≈≈.≈≈≈†.#
###≈≈≈≈≈≈≈≈≈≈≈≈≈≈≈...#
####################.#
#∩∩≈≈≈≈...†.......##.#
###≈≈≈.########≈.†#..#
##≈.## #≈≈....# ####
########


You could see a rat.

Vanquished Creatures
  2 adders
  An endoplasm (D:2)
  6 giant cockroaches (D:3)
  4 goblins
  2 hobgoblins
  3 jackals (D:2)
  A kobold (D:2)
  4 quokkas
  A bat (D:2)
  A frilled lizard (Sewer)
  9 rats
34 creatures vanquished.

Notes
Turn   | Place    | Note
-------+----------+-------------------------------------------
     0 | D:1      | jantan the Troll Monk began the quest for the Orb.
     0 | D:1      | Reached XP level 1. HP: 22/22 MP: 0/0
    57 | D:1      | Found a faded altar of an unknown god.
   450 | D:2      | Reached XP level 2. HP: 27/29 MP: 1/1
   667 | D:3      | Reached XP level 3. HP: 36/36 MP: 2/2
   781 | D:3      | Found a glowing drain.
   802 | D:3      | Reached skill level 3 in Dodging
   817 | Sewer    | Entered a sewer
   920 | Sewer    | Slain by a rat

Illustrated notes

Levels and vault maps discovered:
D:1:      dpeg_arrival_solitude, layout_basic,
          ebering_ecumenical_altar_petrified
D:2:      layout_loops_ring, grunt_ministairs_7, uniq_natasha, uniq_terence
D:3:      layout_basic, gup_sewer_entry_pipe, grunt_ministairs_6
Sewer:    sewer_sea

Skill      XL: |  1  2  3 |
---------------+----------+-----
Dodging        | 3 |  3.0
Fighting       | |  2.8
Short Blades   | |  2.9
Stealth        | |  1.1

Action                   || total
-------------------------++-------
Melee: Short sword       ||   170
Armor: Robe              ||    77
Dodge: Dodged            ||   147

Table legend: (Time is in decaauts)
 A = Elapsed time spent in this place.
 B = Non-inter-level travel time spent in this place.
 C = Inter-level travel time spent in this place.
 D = Time resting spent in this place.
 E = Time spent auto-exploring this place.
 F = Levels seen in this place.
 G = Mean time per level.
                   A        B        C        D        E       F      G
               +--------+--------+--------+--------+--------+-----+--------+
         Total |    930 |    925 |      5 |      0 |      0 |   4 |  232.5 |
       Dungeon |    820 |    815 |      5 |      0 |      0 |   3 |  273.3 |
         Sewer |    110 |    110 |      0 |      0 |      0 |   1 |  110.0 |
               +--------+--------+--------+--------+--------+-----+--------+

Top non-repeatable levels by time:
     D:1: 351 daAuts
     D:3: 250 daAuts
     D:2: 217 daAuts
   Sewer: 110 daAuts
